 Dungeon Crawl Stone Soup version 0.30-b1-5-g8e6c1be481 (webtiles) character file.

Game seed: 14426002341469666443

189 Kranky the Poker (level 5, -2/47 HPs)
             Began as a Minotaur Berserker on May 3, 2023.
             Was a Priest of Trog.
             Frozen to death by an endoplasm (5 damage)
             ... in a sewer.
             The game lasted 00:06:01 (2719 turns).

Kranky the Poker (Minotaur Berserker)               Turns: 2719, Time: 00:06:02

Health: -2/47      AC:  6    Str: 23 (24) XL:     5   Next: 40%
Magic:  4/4        EV:  5    Int:  3 (4)  God:    Trog [***...]
Gold:   197        SH:  9    Dex:  6 (9)  Spells: 4/4 levels left

rFire   . . .        a - +0 spear
rCold   . . .        l - +0 tower shield
rNeg    . . .        d - +0 leather armour
rPois   .            (helmet restricted)
rElec   .            (no cloak)
rCorr   .            (no gloves)
SInv    .            k - +2 pair of boots
Will    .....        (no amulet)
Stlth   +            (no ring)
HPRegen 0.27/turn    (no ring)
MPRegen 0.09/turn

%: no passive effects
@: lethally poisoned (-2 -> -3), constricted
A: horns 2, retaliatory headbutt
a: Renounce Religion, Berserk, Trog's Hand


You were in a sewer.
You worshipped Trog.
Trog was most pleased with you.
You visited 1 branch of the dungeon, and saw 3 of its levels.
You also visited: Sewer.

You collected 197 gold pieces.

Inventory:

Hand Weapons
 a - a +0 spear (weapon)
Armour
 b - a +0 animal skin
 d - a +0 leather armour (worn)
 k - a +2 pair of boots (worn)
 l - a +0 tower shield (worn)
Jewellery
 i - a +4 ring of protection
 q - an amulet of faith
Wands
 C - a wand of quicksilver (11)
Scrolls
 c - a scroll of immolation
 f - a scroll of torment
 h - 2 scrolls of butterflies {unknown}
 j - a scroll of blinking {unknown}
 o - a scroll of silence {unknown}
 p - 2 scrolls of enchant armour
 r - a scroll of acquirement {unknown}
 s - a scroll of brand weapon {unknown}
 t - a scroll of identify {unknown}
 v - 2 scrolls of teleportation {unknown}
 w - 2 scrolls of fog {unknown}
 y - 2 scrolls of noise {unknown}
 z - 4 scrolls of fear {unknown}
 D - a scroll of poison {unknown}
Potions
 e - 2 potions of magic {unknown}
 g - a potion of flight {unknown}
 m - a potion of cancellation {unknown}
 n - a potion of brilliance {unknown}
 u - 2 potions of degeneration
 x - a potion of might {unknown}
 A - 2 potions of heal wounds {unknown}
 B - a potion of curing {unknown}
 E - 2 potions of resistance {unknown}


   Skills:
 + Level 4.8 Fighting
 + Level 5.3 Polearms
 + Level 3.1 Armour
 + Level 3.1 Dodging
 + Level 2.0 Shields


You had 4 spell levels left.
You didn't know any spells.
Your spell library was empty.

Dungeon Overview and Level Annotations

Branches:
Dungeon (3/15)              Sewer (1/1)

Altars:


Innate Abilities, Weirdness & Mutations

You have a pair of horns on your head.
You reflexively headbutt those who attack you in melee.


Message History

You are no longer poisoned.
The bullfrog barely misses you.
The ball python bites you but does no damage.
The ball python constricts you. The adder bites you.
* * * LOW HITPOINT WARNING * * *
You are poisoned.
The adder poisons you!
The bullfrog hits you but does no damage.
The adder closely misses you. You furiously retaliate!
You headbutt the adder!
You kill the adder!
Trog accepts your kill. You block the bullfrog's attack.
The frilled lizard bites you but does no damage.
The adder bites you but does no damage. The ball python barely misses you.
You furiously retaliate!
You headbutt the ball python!
You kill the ball python!
Trog accepts your kill.
Your Shields skill increases to level 2!
Okay, then.
Okay, then.
Okay, then.
Okay, then.
You hit the adder.
The adder is heavily wounded.
You feel sick. You block the bullfrog's attack. x2
The adder bites you but does no damage. The bullfrog completely misses you.
You furiously retaliate!
You headbutt the bullfrog! You block the frilled lizard's attack.
The bullfrog hits you.
* * * LOW HITPOINT WARNING * * *
You block the ball python's attack. The ball python grabs you.
The ball python constricts you.
It was a potion of degeneration.
There was something very wrong with that liquid.
You feel weakened.
You feel dopey.
You feel clumsy.
You feel sick. You block the bullfrog's attack. The adder bites you.
* * * LOW HITPOINT WARNING * * *
The bullfrog hits you but does no damage.
The endoplasm freezes you.
You are frozen.
You die...

≈~≈≈≈#
#####≈≈~≈~~#
≈~≈~≈#
#≈≈~~≈~#
~≈~~~#
#≈~~≈≈≈#
≈≈≈≈†#
#≈~~~~≈#
≈~≈†~#
#≈≈~~~≈#
....##
#≈≈≈~#~#
.(..≈#
#≈≈≈≈~~#
....≈#
#≈≈≈FS≈#
~≈~≈≈#
#≈≈SS@≈#
≈≈~≈≈#
#≈≈≈FJl#
~~~~≈#
#≈~≈l#≈#
≈~~≈≈#
#≈≈~~~≈#
≈≈≈~~#
#≈≈~~~≈#
≈≈≈~~#
#~≈~~F≈#
≈~~~~#
#≈≈≈~~~#
....##
#.....##
.....#
#......


You could see 2 bullfrogs, an adder, an endoplasm, 2 ball pythons and 2 frilled
lizards.

Vanquished Creatures
  7 adders
  3 river rats (Sewer)
  A worm (D:2)
  A dart slug (D:1)
  An orc (D:3)
  9 ball pythons
  8 bats
  6 endoplasms
  4 giant cockroaches
  4 goblins
  8 hobgoblins
  3 jackals (D:3)
  8 kobolds
  2 quokkas
  3 frilled lizards
  31 rats
99 creatures vanquished.

Vanquished Creatures (others)
  3 demonic plants (D:2)
  2 fungi (D:2)
  10 plants (D:2)
15 creatures vanquished.

Grand Total: 114 creatures vanquished

Notes
Turn   | Place    | Note
-------+----------+-------------------------------------------
     0 | D:1      | Kranky the Minotaur Berserker began the quest for the Orb.
     0 | D:1      | Reached XP level 1. HP: 19/19 MP: 0/0
   177 | D:1      | Reached skill level 4 in Polearms
   177 | D:1      | Reached XP level 2. HP: 27/27 MP: 1/1
   405 | D:1      | Reached ** piety under Trog
   871 | D:1      | Reached XP level 3. HP: 33/33 MP: 2/2
  1187 | D:2      | Found a faded altar of an unknown god.
  2029 | D:2      | Reached XP level 4. HP: 14/41 MP: 3/3
  2314 | D:3      | Found a glowing drain.
  2323 | Sewer    | Entered a sewer
  2381 | Sewer    | Reached skill level 1 in Shields
  2389 | Sewer    | Reached skill level 5 in Polearms
  2494 | Sewer    | Reached *** piety under Trog
  2514 | Sewer    | Reached XP level 5. HP: 46/47 MP: 4/4
  2719 | Sewer    | Frozen to death by an endoplasm

Illustrated notes

Levels and vault maps discovered:
D:1:      wander_arrival_estate, layout_loops_cross, minmay_misc_feat_tiny,
          hex_tiny, nicolae_hexahallways, moated_statue
D:2:      layout_basic, shapermc_ecumenical_altar_gd
D:3:      layout_basic, portal_sewer_entry_d
Sewer:    sewer_minmay_w

Skill      XL: |  1  2  3  4  5 |
---------------+----------------+-----
Polearms       | 4 5 |  5.3
Fighting       | 4 |  4.8
Shields        | 1 2 |  2.0
Armour         | 3 |  3.1
Dodging        | 3 |  3.1

Action                     |  1- 3 |  4- 6 || total
---------------------------+-------+-------++-------
  Melee: Spear             |   138 |   146 ||   284
         Headbutt          |    13 |    19 ||    32
    Use: Scroll            |     3 |       ||     3
         Potion            |       |     1 ||     1
 Armour: Leather armour    |    42 |    66 ||   108
  Dodge: Dodged            |    37 |    65 ||   102
  Block: Tower shield      |    28 |    87 ||   115
